 Dungeon Crawl Stone Soup version 0.31.0-7-gf635a9b802 (webtiles) character file.

Game seed: 9511720537883967333

6178 SnakkuSnakku7 the Basher (level 11, -3/71 HPs)
             Began as a Djinni Monk on Jan 23, 2024.
             Was a High Priest of Qazlal.
             Slain by a skeletal warrior
             ... wielding a +0 halberd
              (8 damage)
             ... on level 8 of the Dungeon.
             The game lasted 00:09:56 (8404 turns).

SnakkuSnakku7 the Basher (Djinni Monk)              Turns: 8404, Time: 00:09:57

Health: -3/71      AC: 15    Str: 15    XL:     11   Next: 13%
Gold:   173        EV: 15    Int: 12    God:    Qazlal [*****.] SH: 11 Dex: 20

rFire   + + .        a - +3 flail (elec)
rCold   x . .        d - orb {light}
rNeg    . . .        N - +1 plate armour
rPois   ∞            (no helmet)
rElec   .            O - +0 cloak
rCorr   .            (no gloves)
SInv    .            (boots unavailable)
Will    +....        h - amulet of reflection Stlth
                     i - ring of Gitew {MP+9 EV+5 Str+3 Dex+2}
HPRegen 0.31/turn    J - +5 ring of evasion
MPRegen 0.00/turn

%: repel missiles, reflection, infuse magic (-4 HP)
@: protected from physical damage, flying, glowing
A: sickness immunity, fire resistance 2, cold vulnerability 1, float, innate
caster, HP casting, extra vitality 1
a: Renounce Religion, Upheaval, Elemental Force, Disaster Area


You were on level 8 of the Dungeon.
You worshipped Qazlal.
Qazlal was extremely pleased with you.
You visited 1 branch of the dungeon, and saw 9 of its levels.
You also visited: Sewer.

You collected 897 gold pieces.
You spent 724 gold pieces at shops.

Inventory:

Hand Weapons
 a - a +3 flail of electrocution (weapon)
Missiles
 v - 3 curare-tipped darts (quivered)
Armour
 b - a +0 robe
 d - an orb of light (worn)
 q - a +0 ring mail
 N - a +1 plate armour (worn)
 O - a +0 cloak (worn)
Jewellery
 h - an amulet of reflection (around neck)
 i - the ring of Gitew (left hand) {MP+9 EV+5 Str+3 Dex+2}
   (You bought it in a shop on level 3 of the Dungeon)

   [ring of evasion]

   EV+5:      It affects your evasion (+5).
   Str+3:     It affects your strength (+3).
   Dex+2:     It affects your dexterity (+2).
   MP+9:      It affects your magic capacity (+9).
 z - a ring of ice
 I - an amulet of faith
 J - a +5 ring of evasion (right hand)
 P - a ring of protection from fire
Wands
 c - a wand of iceblast (11)
 r - a wand of acid (6)
 w - a wand of polymorph (18)
 y - a wand of charming (8)
 G - a wand of flame (21)
Scrolls
 e - 6 scrolls of teleportation
 j - a scroll of fog
 k - a scroll of revelation
 m - 2 scrolls of enchant armour
 L - 3 scrolls of blinking
Potions
 f - 4 potions of brilliance
 g - 4 potions of mutation
 l - 6 potions of heal wounds {unknown}
 o - 5 potions of enlightenment {unknown}
 t - a potion of invisibility
 u - 2 potions of resistance {unknown}
 B - 2 potions of curing
 F - 2 potions of cancellation
 H - a potion of might
 K - a potion of lignification


   Skills:
 - Level 3.0 Fighting
 - Level 7.8 Long Blades
 + Level 11.7 Maces & Flails
 - Level 3.2 Dodging


You knew the following spells:

 Your Spells              Type           Power      Damage    Failure   Level
a - Sting                 Conj/Alch      0%         1d3       100%        1
b - Jinxbite              Hex            0%         N/A       100%        2
c - Static Discharge      Conj/Air       0%         3-3/arc   100%        2
d - Sticky Flame          Fire/Alch      0%         2d4       100%        4
e - Yara's Violent Unrav  Hex/Alch       0%         3d3       100%        5
Your spell library was empty.


Dungeon Overview and Level Annotations

Branches:
Dungeon (9/15)             Temple (0/1) D:7            Lair (0/5) D:8
  Sewer (visited)
    Orc: D:9-12

Altars:
Ashenzari
Elyvilon
Fedhas
Makhleb
Qazlal
Trog
The Shining One

Shops:
D:3 =

Annotations:
D:4 2 transporters, jejorda2's ghost, novice DrBe
D:7 2 transporters, DaftaChap's ghost, novice VSFi
D:8 1 transporter, Fractals's ghost, novice HOGl


Innate Abilities, Weirdness & Mutations

You are immune to sickness and miasma.
You are immune to poison.
Your flesh is very heat resistant. (rF++)
You are vulnerable to cold. (rC-)
You float through the air rather than walking.
You learn spells naturally, not from books.
Your magical power is your life essence.
You have superior vitality. (+4 MHP)


Message History

There are monsters nearby!
The skeletal warrior throws a silver javelin.
The silver javelin misses you.
There is a stone staircase leading up here.
The skeletal warrior hits you but does no damage.
There is a stone staircase leading up here.
The skeletal warrior hits you with a +0 halberd!!
You fly upwards.
Level annotation: 1 transporter, Fractals's ghost, novice HOGl
There is a stone staircase leading down here.
You hit the skeletal warrior.
The skeletal warrior is lightly damaged.
You barely miss the skeletal warrior.
The skeletal warrior is lightly damaged.
The skeletal warrior completely misses you.
You hit the skeletal warrior but do no damage.
The skeletal warrior is lightly damaged.
The skeletal warrior hits you with a +0 halberd.
You feel protected from physical attacks.
You hit the skeletal warrior.
The skeletal warrior is lightly damaged.
The skeletal warrior hits you with a +0 halberd!
You feel more protected from physical attacks.
You hit the skeletal warrior but do no damage.
The skeletal warrior is lightly damaged.
The skeletal warrior hits you with a +0 halberd!
You hit the skeletal warrior but do no damage.
The skeletal warrior is lightly damaged.
The skeletal warrior hits you with a +0 halberd!
You hit the skeletal warrior.
The skeletal warrior is lightly damaged.
You hit the skeletal warrior.
Lightning courses through the skeletal warrior!
The skeletal warrior is moderately damaged.
The skeletal warrior hits you with a +0 halberd!!
* * * LOW HITPOINT WARNING * * *
You thump the skeletal warrior!
The skeletal warrior is heavily damaged.
The skeletal warrior hits you with a +0 halberd!
You die...

#©.#######...#########
#..###...............#
#....#..#....#.#####.#
#..................#.#
#....##.#......)...#.#
#.......#.##.#..#....##
##..............§.....#
#.###.######.#§..###.#
##.....# #...@z..#.#
....#### #######.#.#
###.# #.#.# #
#b######## #.#.#
###...b....# #.#.#
b...b......# ####.#.#
###........# #......#
##..b.#########.######
####.##b..####..#


You could see a skeletal warrior.

Vanquished Creatures
  2 skeletal warriors
  Maurice (D:7)
  A troll (D:8)
  2 hornets
  Grinder (D:5)
  Prince Ribbit (D:5)
  Sigmund (D:6)
  Eustachio (D:5)
  The ghost of Zeia the Chiller, an amateur DgIE (D:3)
  A steam dragon (D:6)
  Menkaure (D:7)
  Edmund (D:5)
  2 acid dragons
  2 ice beasts
  Duvessa (D:7)
  An orc warrior (D:7)
  A black bear (D:6)
  The ghost of sasquatch the Shooter, an amateur FoHu (D:3)
  3 phantoms
  The ghost of LoggersVIII the Digger, an amateur OpEE (D:3)
  4 kobold brigands (Sewer)
  The ghost of tdog the Covert, an amateur SpBr (D:3)
  2 brain worms (Sewer)
  4 bullfrogs
  A gnoll sergeant (D:7)
  3 scorpions
  Dowan (D:7)
  5 killer bees (D:8)
  2 howler monkeys
  A bombardier beetle (D:7)
  4 hounds
  2 orc priests
  A jelly (D:6)
  A sleepcap (D:6)
  Jessica (D:3)
  An iguana (D:5)
  An orc wizard (D:9)
  6 gnolls
  A river rat (Sewer)
  9 adders
  A shadow imp (D:5)
  A white imp (D:7)
  2 ufetubi (D:6)
  4 dart slugs
  2 ribbon worms
  14 orcs
  4 bats
  3 endoplasms
  8 goblins
  5 hobgoblins
  3 jackals (Sewer)
  15 kobolds
  5 quokkas
  5 ball pythons
  7 frilled lizards
  10 rats
166 creatures vanquished.

Notes
Turn   | Place    | Note
-------+----------+-------------------------------------------
     0 | D:1      | SnakkuSnakku7 the Djinni Monk began the quest for the Orb.
     0 | D:1      | Reached XP level 1. HP: 20/20 MP: 0/0
     3 | D:1      | Noticed an electric eel
     4 | D:1      | Noticed an electric eel
    81 | D:1      | Reached XP level 2. HP: 25/25 MP: 0/0
   274 | D:1      | Found a faded altar of an unknown god.
   285 | D:1      | Prayed at the altar of an unknown god.
   285 | D:1      | Became a worshipper of Qazlal Stormbringer
   285 | D:1      | Reached * piety under Qazlal
   285 | D:1      | Reached ** piety under Qazlal
   410 | D:2      | Found a blossoming altar of Fedhas.
   445 | D:2      | Reached XP level 3. HP: 26/30 MP: 0/0
   445 | D:2      | Learned a level 1 spell: Sting
   499 | D:2      | Reached *** piety under Qazlal
   902 | D:2      | Reached XP level 4. HP: 32/35 MP: 0/0
  1267 | D:3      | Found a runed translucent gate.
  1268 | D:3      | Found a runed translucent gate.
  1268 | D:3      | Found a runed translucent gate.
  1269 | D:3      | Noticed Zeia's ghost (amateur DgIE)
  1269 | D:3      | Noticed tdog's ghost (amateur SpBr)
  1270 | D:3      | Noticed LoggersVIII's ghost (amateur OpEE)
  1270 | D:3      | Noticed sasquatch's ghost (amateur FoHu)
  1331 | D:3      | Noticed Jessica
  1335 | D:3      | Killed Jessica
  1338 | D:3      | Found a white marble altar of Elyvilon.
  1340 | D:3      | Found a bloodstained altar of Trog.
  1403 | D:3      | Found Cilaecitz's Jewellery Boutique.
  1467 | D:3      | Reached XP level 5. HP: 38/40 MP: 0/0
  1467 | D:3      | Learned a level 2 spell: Jinxbite
  1478 | D:3      | Found a glowing drain.
  1494 | Sewer    | Entered a sewer
  1502 | Sewer    | Reached skill level 5 in Long Blades
  1526 | Sewer    | Noticed a kobold brigand
  1541 | Sewer    | Killed a kobold brigand
  1542 | Sewer    | Reached XP level 6. HP: 29/46 MP: 0/0
  1595 | Sewer    | Reached **** piety under Qazlal
  1749 | Sewer    | Reached XP level 7. HP: 32/50 MP: 0/0
  1749 | Sewer    | Learned a level 2 spell: Static Discharge
  2671 | D:4      | Reached skill level 1 in Maces & Flails
  2671 | D:4      | Reached XP level 8. HP: 30/56 MP: 0/0
  2845 | D:4      | Noticed jejorda2's ghost (novice DrBe)
  2865 | D:4      | Found a transporter.
  2880 | D:4      | Reached skill level 2 in Maces & Flails
  2884 | D:4      | Found a transporter.
  3058 | D:4      | Found a glowing golden altar of the Shining One.
  3160 | D:5      | Entered Level 5 of the Dungeon
  3161 | D:5      | Noticed Prince Ribbit
  3347 | D:5      | Reached skill level 3 in Maces & Flails
  3501 | D:5      | Noticed Edmund
  3515 | D:5      | Killed Edmund
  3569 | D:5      | Noticed Grinder
  3586 | D:5      | Killed Grinder
  3587 | D:5      | Reached skill level 4 in Maces & Flails
  3871 | D:5      | Killed Prince Ribbit
  3872 | D:5      | Reached skill level 5 in Maces & Flails
  3872 | D:5      | Reached XP level 9. HP: 29/60 MP: 0/0
  3872 | D:5      | Learned a level 4 spell: Sticky Flame
  3989 | D:5      | Noticed Eustachio
  3998 | D:5      | Killed Eustachio
  3999 | D:5      | Reached skill level 6 in Maces & Flails
  4579 | D:6      | Noticed Sigmund
  4588 | D:6      | Killed Sigmund
  4595 | D:6      | Reached skill level 7 in Maces & Flails
  5378 | D:3      | Killed LoggersVIII's ghost
  5681 | D:3      | Killed sasquatch's ghost
  5682 | D:3      | Reached skill level 8 in Maces & Flails
  5689 | D:3      | Killed tdog's ghost
  5702 | D:3      | Killed Zeia's ghost
  5836 | D:7      | Reached ***** piety under Qazlal
  5837 | D:7      | Reached XP level 10. HP: 31/67 MP: 0/0
  5855 | D:7      | Noticed Duvessa
  5859 | D:7      | Reached skill level 9 in Maces & Flails
  5860 | D:7      | Noticed Dowan
  5862 | D:7      | Killed Duvessa
  5870 | D:7      | Killed Dowan
  6116 | D:7      | Noticed a moth of wrath
  6117 | D:7      | Found a bloodstained altar of Trog.
  6117 | D:7      | Noticed DaftaChap's ghost (novice VSFi)
  6118 | D:7      | Found a transporter.
  6125 | D:7      | Found a transporter.
  6240 | D:7      | Found a broken altar of Ashenzari.
  6252 | D:7      | Found a staircase to the Ecumenical Temple.
  6333 | D:7      | Noticed Maurice
  6345 | D:7      | Maurice stole a +2 dagger of venom
  6348 | D:7      | Maurice stole an amulet of faith
  6349 | D:7      | Maurice stole 3 curare-tipped darts
  6350 | D:7      | Killed Maurice
  6480 | D:7      | Noticed Menkaure
  6487 | D:7      | Killed Menkaure
  6488 | D:7      | Reached skill level 10 in Maces & Flails
  7019 | D:8      | Found a burning altar of Makhleb.
  7022 | D:8      | Found a stormy altar of Qazlal.
  7046 | D:8      | Noticed Fractals's ghost (novice HOGl)
  7047 | D:8      | Found a transporter.
  7047 | D:8      | Identified the +12 great mace "Ulowaroch" {freeze, *Rage
                  | rN++ Will+ rCorr}
  7047 | D:8      | Noticed a two-headed ogre
  7052 | D:8      | Found a staircase to the Lair.
  7543 | D:8      | Identified a scroll of acquirement
  7543 | D:8      | Acquired 390 gold pieces
  7647 | D:3      | Bought the ring of Gitew {MP+9 EV+5 Str+3 Dex+2} for 724
                  | gold pieces
  7903 | D:9      | Noticed a skeletal warrior
  7913 | D:9      | Noticed a skeletal warrior
  7913 | D:9      | Noticed a skeletal warrior
  7914 | D:9      | Noticed a skeletal warrior
  7923 | D:8      | Killed a skeletal warrior
  7924 | D:8      | Reached skill level 11 in Maces & Flails
  8056 | D:9      | Reached XP level 11. HP: 67/71 MP: 0/0
  8056 | D:9      | Learned a level 5 spell: Yara's Violent Unravelling
  8078 | D:9      | Killed a skeletal warrior
  8404 | D:8      | Slain by a skeletal warrior

Illustrated notes

Levels and vault maps discovered:
D:1:      arrival_aquarium_b, layout_rooms, dreamdust_ecumenical_altar_grove
D:2:      layout_basic, basic_altar, minmay_tetromino_s4
D:3:      layout_basic, mainiacjoe_overflow_tiny_flanked,
          overflow_temple_1_default, serial_shops, shop,
          cheibrodos_sewer_entry_drain, gammafunk_ghost_cemetery,
          minmay_misc_feat_plants, nrook_mini_vaults,
          wad_floor_pattern_untrapped, minmay_unequal, uniq_jessica
D:4:      layout_cave_pools, mainiacjoe_overflow_surrounded_room,
          gammafunk_ghost_arena
D:5:      layout_loops_corners, uniq_edmund, uniq_grinder, uniq_prince_ribbit1,
          uniq_eustachio
D:6:      layout_layer_cave, serial_park_tiny_1, uniq_sigmund
D:7:      layout_rooms, mainiacjoe_overflow_chevrons, ashenzari_altar_1,
          minmay_temple_entry_mini_moons, gammafunk_ghost_wrathful_warriors,
          minmay_stone_trees_small, uniq_duvessa, uniq_maurice, uniq_menkaure
D:8:      layout_basic, mainiacjoe_overflow_big_doors, gammafunk_ghost_smash,
          minmay_misc_feat_tiny
D:9:      layout_basic, lemuel_doored_altar

Skill      XL: |  1  2  3  4  5  6  7  8  9 10 |
---------------+-------------------------------+-----
Long Blades    | 3 4 5 6 7 |  7.8
Maces & Flails | 1 5 8 11 | 11.7
Fighting       | |  3.0
Dodging        | |  3.2

Action                     |  1- 3 |  4- 6 |  7- 9 | 10-12 || total
---------------------------+-------+-------+-------+-------++-------
  Melee: Falchion          |    24 |       |       |       ||    24
         Dagger            |    48 |   114 |    69 |       ||   231
         Flail             |       |       |   184 |   126 ||   310
    Use: Scroll            |       |       |     9 |    14 ||    23
         Potion            |       |       |       |     1 ||     1
 Armour: Robe              |    38 |     2 |       |       ||    40
         Ring mail         |       |    56 |    95 |       ||   151
         Plate armour      |       |       |    27 |   128 ||   155
  Dodge: Dodged            |    46 |    46 |   174 |    67 ||   333
         Repelled          |       |       |     2 |       ||     2
